 Dungeon Crawl Stone Soup version 0.30.1-11-g7821555f0a (webtiles) character file.

Game seed: 2279407525825075779

42 Ioian the Gusty (level 3, -5/26 HPs)
             Began as a Demonspawn Air Elementalist on Nov 10, 2023.
             Slain by Terence
             ... wielding a +0 morningstar
              (9 damage)
             ... on level 2 of the Dungeon.
             The game lasted 00:13:31 (1160 turns).

Ioian the Gusty (Demonspawn Air Elementalist)       Turns: 1160, Time: 00:13:32

Health: -5/26      AC:  2    Str:  8    XL:     3   Next: 33%
Magic:  0/6        EV: 12    Int: 18    God:
Gold:   64         SH:  0    Dex: 13    Spells: 3/6 levels left

rFire   . . .        c - +0 short sword
rCold   . . .        (no shield)
rNeg    . . .        a - +0 robe
rPois   .            (no helmet)
rElec   .            (no cloak)
rCorr   .            (no gloves)
SInv    .            (no boots)
Will    .....        (no amulet)
Stlth   ++           i - ring of wizardry
HPRegen 0.24/turn    (no ring)
MPRegen 0.10/turn

%: wizardry (x1)
@: no status effects
A: spiny 1
a: no special abilities


You were on level 2 of the Dungeon.
You visited 1 branch of the dungeon, and saw 2 of its levels.

You collected 129 gold pieces.
You spent 65 gold pieces at shops.

Inventory:

Hand Weapons
 c - a +0 short sword (weapon)
Armour
 a - a +0 robe (worn)
Jewellery
 i - a ring of wizardry (left hand)
Wands
 n - a wand of charming (8)
Scrolls
 e - a scroll of immolation {unknown}
 f - 3 scrolls of identify
 g - a scroll of vulnerability {unknown}
 h - 2 scrolls of teleportation
 j - a scroll of enchant armour {unknown}
 m - a scroll of noise {unknown}
Potions
 b - a potion of magic
 d - a potion of attraction {unknown}
 k - a potion of degeneration {unknown}
 l - a potion of invisibility {unknown}


   Skills:
 - Level 1.1 Fighting
 + Level 1.2 Short Blades
 - Level 1.7 Dodging
 - Level 1.7 Stealth
 - Level 2.0 Spellcasting
 + Level 1.8 Conjurations
 + Level 3.1 Air Magic


You had 3 spell levels left.
You knew the following spells:

 Your Spells              Type           Power      Damage    Failure   Level
a - Shock                 Conj/Air       40%        1d5       2%          1
b - Static Discharge      Conj/Air       20%        2-3/arc   4%          2

Your spell library contained the following spells:

 Spells                   Type           Power      Damage    Failure   Level
 Swiftness                Air            12%        N/A       6%          3
 Freeze                   Ice            4%         1d3       8%          1
 Hailstorm                Conj/Ice       5%         3d4       16%         3
 Frozen Ramparts          Ice            2%         1d1       21%         3
 Airstrike                Air            6%         2d(1-17)  21%         4


Dungeon Overview and Level Annotations

Branches:
Dungeon (2/15)

Altars:

Shops:
D:1 ?

Annotations:
D:2 Robin, Terence


Innate Abilities, Weirdness & Mutations

You are partially covered in sharp spines.


Message History

Press: ? - help, Shift-Dir - straight line The zap misses Terence.
The zap hits Terence.
Terence is lightly wounded.
Terence is struck by your spines. Terence closely misses you.
Casting: Shock (safe; 2% risk of failure)
Confirm with . or Enter, or press ? or * to list all spells.
Aiming: Shock (safe; 2% risk of failure)
Press: ? - help, Shift-Dir - straight line The zap hits Terence.
Terence is moderately wounded.
The zap hits Terence.
Terence is moderately wounded.
A hobgoblin comes into view.
Terence is struck by your spines. Terence barely misses you.
Casting: Shock (safe; 2% risk of failure)
Confirm with . or Enter, or press ? or * to list all spells.
Aiming: Shock (safe; 2% risk of failure)
Press: ? - help, Shift-Dir - straight line The zap hits Terence but does no damage.
Terence is moderately wounded.
The zap hits Terence.
Terence is moderately wounded.
The hobgoblin shouts!
Terence is struck by your spines. Terence closely misses you.
Casting: Shock (safe; 2% risk of failure)
Confirm with . or Enter, or press ? or * to list all spells.
Aiming: Shock (safe; 2% risk of failure)
Press: ? - help, Shift-Dir - straight line The zap hits Terence but does no damage.
Terence is moderately wounded.
The zap misses Terence.
Terence hits you with a +0 morningstar!
Unknown command.
Terence attacks as you move away! Terence is struck by your spines.
Terence hits you with a +0 morningstar!
Ouch! That really hurt!
* * * LOW HITPOINT WARNING * * *
There is a stone staircase leading down here.
Terence attacks as you move away! Terence is struck by your spines.
Terence hits you with a +0 morningstar!
You die...

#####......#....... .
#......#(...... .#
##.##..........##.
###.###...###.##..
....###'#...#.##.##
#..####......#....#).# #.
...#.........##....##.).#
#..#.##......##..@...###.#
#. .............@...g..#
..##.##......####......#
...# #......# #........
... #......# #..!......
... ######## #.........
..# #.....$... ..#
#........ ..# #######


You could see Terence and a hobgoblin.

Vanquished Creatures
  A dart slug (D:2)
  3 ball pythons
  4 bats (D:1)
  4 endoplasms
  A giant cockroach (D:1)
  5 goblins
  3 hobgoblins
  4 kobolds
  2 quokkas
  3 frilled lizards
  7 rats
37 creatures vanquished.

Notes
Turn   | Place    | Note
-------+----------+-------------------------------------------
     0 | D:1      | Ioian the Demonspawn Air Elementalist began the quest for
                  | the Orb.
     0 | D:1      | Reached XP level 1. HP: 13/13 MP: 3/3
   304 | D:1      | Gained mutation: You are partially covered in sharp spines.
                  | [demonic ancestry]
   304 | D:1      | Reached XP level 2. HP: 19/20 MP: 5/5
   376 | D:1      | Learned a level 2 spell: Static Discharge
   456 | D:1      | Reached skill level 1 in Fighting
   594 | D:1      | Reached skill level 1 in Short Blades
   624 | D:1      | Reached skill level 3 in Air Magic
   638 | D:1      | Found Fochuuk's Magic Scroll Shoppe.
   650 | D:1      | Bought a scroll of identify for 26 gold pieces
   650 | D:1      | Bought a scroll of teleportation for 39 gold pieces
   814 | D:2      | Reached XP level 3. HP: 16/26 MP: 6/6
   981 | D:2      | Noticed Robin
  1150 | D:2      | Noticed Terence
  1160 | D:2      | Slain by Terence

Illustrated notes

Levels and vault maps discovered:
D:1:      matt_arrival_los_fun, layout_basic, serial_shops, nicolae_diamond_shop
D:2:      layout_basic, minmay_pentomino_pile, uniq_robin, uniq_terence,
          uniq_natasha

Skill      XL: |  1  2 |
---------------+-------+-----
Fighting       | 1 |  1.1
Short Blades   | 1 |  1.2
Air Magic      | 3 |  3.1
Dodging        | |  1.7
Stealth        | |  1.7
Spellcasting   | |  2.0
Conjurations   | |  1.8

Action                     || total
---------------------------++-------
  Melee: Short sword       ||    76
         Punch             ||     1
   Cast: Static Discharge  ||     3
         Shock             ||     4
   Stab: Sleeping          ||     7
 Armour: Robe              ||    11
  Dodge: Dodged            ||    39
